 Dungeon Crawl Stone Soup version 0.20.1-1-g8b1a95d (webtiles) character file.

5649 letownia2 the Reanimator (level 10, -11/84 HPs)
             Began as a Deep Dwarf Necromancer on Dec 20, 2017.
             Was an Initiate of Gozag.
             Mangled by Gastronok (21 damage)
             ... on level 9 of the Dungeon.
             The game lasted 00:27:07 (9055 turns).

letownia2 the Reanimator (Deep Dwarf Necromancer)   Turns: 9055, Time: 00:27:08

Health: -11/84     AC: 12    Str: 14    XL:     10   Next: 46%
Magic:  8/23       EV: 17    Int: 17    God:    Gozag
Gold:   1558       SH:  0    Dex: 21    Spells: 15/27 levels left

rFire    + . .     SeeInvis .   k - -1 blowgun
rCold    + . .     Gourm    .   (no shield)
rNeg     . . .     Faith    .   g - +0 ring mail
rPois    +         Spirit   .   P - +0 helmet
rElec    +         Reflect  .   (no cloak)
rCorr    +         Harm     .   f - +0 pair of gloves
MR       +....                  G - +1 pair of boots of Liberty {rPois rCorr Str-5 Dex+3}
Stlth    ++++......             (no amulet)
Regen    0.0/turn               o - +3 ring of protection
MPRegen  0.2/turn               M - ring of stealth

@: mighty, agile, resistant, very slightly contaminated, non-regenerating,
slowed, very slow
A: damage resistance, heal wounds, sense surroundings 2, no regeneration
a: Heal Wounds, Potion Petition, Call Merchant, Bribe Branch, Renounce Religion


You were on level 9 of the Dungeon.
You worshipped Gozag.
Gozag was most pleased with you.
You were not hungry.

You visited 2 branches of the dungeon, and saw 10 of its levels.
You also visited: Sewer.

You collected 1664 gold pieces.
You spent 14 gold pieces at shops.
You paid 92 gold pieces to Gozag.

Inventory:

Hand Weapons
 a - a +1 flail of holy wrath
 b - a +2 war axe of chopping
 k - a -1 blowgun (weapon)
 l - a +2 flail of protection
 O - a +0 scythe of slicing
 Q - a +2 whip of freezing
 S - a +0 vampiric hand axe
Missiles
 p - 3 curare-tipped needles
 t - 49 poisoned needles (quivered)
Armour
 f - a +0 pair of gloves (worn)
 g - a +0 ring mail (worn)
 D - a +0 pair of boots
 G - the +1 pair of boots of Liberty (worn) {rPois rCorr Str-5 Dex+3}
   (You found it on level 6 of the Dungeon)

   It affects your strength (-5).
   It affects your dexterity (+3).
   It protects you from poison.
   It protects you from acid and corrosion.
 P - a +0 helmet (worn)
 R - a +2 robe of the Archmagi
Jewellery
 o - a +3 ring of protection (left hand)
 M - a ring of stealth (right hand)
Wands
 h - a wand of lightning (7/15)
 w - a wand of random effects (29/48)
 y - a wand of confusion (29/48)
 z - a wand of flame (30/48)
Scrolls
 d - a scroll of random uselessness {unknown}
 i - 8 scrolls of identify
 m - 3 scrolls of teleportation {unknown}
 n - 4 scrolls of remove curse
 q - a scroll of enchant armour {unknown}
 s - 4 scrolls of fog {unknown}
 u - 7 scrolls of fear {unknown}
 B - a scroll of noise {unknown}
 C - 2 scrolls of enchant weapon {unknown}
 K - a scroll of amnesia {unknown}
 N - 2 scrolls of immolation {unknown}
 T - a scroll of blinking {unknown}
Potions
 j - 2 potions of ambrosia {unknown}
 r - 4 potions of heal wounds {unknown}
 v - a potion of lignification {unknown}
 x - 3 potions of curing {unknown}
 A - a potion of mutation {unknown}
 E - 3 potions of haste {unknown}
 F - 2 potions of flight {unknown}
 I - 3 potions of agility
 U - a potion of magic {unknown}
 V - 2 potions of cancellation {unknown}
Books
 e - a book of Clouds

   Spells                             Type                      Level
   a - Poisonous Vapours              Poison/Air                   2
   b - Mephitic Cloud                 Conjuration/Poison/Air       3
   c - Conjure Flame                  Conjuration/Fire             3
   d - Freezing Cloud                 Conjuration/Ice/Air          6
   e - Ring of Flames                 Charms/Fire                  7
 J - a book of Geomancy

   Spells                             Type                      Level
   a - Sandblast                      Earth                        1
   b - Passwall                       Transmutation/Earth          2
   c - Stone Arrow                    Conjuration/Earth            3
   d - Petrify                        Transmutation/Earth          4
   e - Lee's Rapid Deconstruction     Earth                        5
 L - a book of Necromancy

   Spells                             Type                      Level
   a - Pain                           Necromancy                   1
   b - Animate Skeleton               Necromancy                   1
   c - Vampiric Draining              Necromancy                   3
   d - Regeneration                   Charms/Necromancy            3
   e - Animate Dead                   Necromancy                   4
   f - Control Undead                 Necromancy                   4
Comestibles
 c - 13 bread rations
 H - 3 fruits
 W - a meat ration


   Skills:
 - Level 3.1 Fighting
 + Level 4.3 Axes
 - Level 2.6 Armour
 - Level 2.1 Dodging
 - Level 2.4 Stealth
 - Level 9.0 Spellcasting
 + Level 2.2 Conjurations
 - Level 9.2 Necromancy
 - Level 2.1 Fire Magic
 + Level 1.8 Air Magic
 - Level 2.2 Poison Magic
 + Level 4.2 Evocations


You had 15 spell levels left.
You knew the following spells:

 Your Spells              Type           Power        Failure   Level  Hunger
a - Pain                  Necr           ####         1%          1    None
c - Conjure Flame         Conj/Fire      ###.....     22%         3    None
e - Mephitic Cloud        Conj/Pois/Air  ##......     24%         3    None
p - Poisonous Vapours     Pois/Air       ##....       12%         2    None
v - Vampiric Draining     Necr           #####.....   1%          3    None


Dungeon Overview and Level Annotations

Branches:
Dungeon (9/15)             Temple (1/1) D:7
   Lair: D:8-11         Orc: D:9-12

Altars:
Cheibriados
Dithmenos
Elyvilon
Gozag
Kikubaaqudgha
Makhleb
Nemelex Xobeh
Qazlal
Ru
Sif Muna
Trog
Uskayaw
Xom
Zin
The Shining One

Shops:
D:4 !   D:9 [

Annotations:
D:4 DIG
D:8 p0werm0de's ghost, novice DDFi
D:9 Gastronok


Innate Abilities, Weirdness & Mutations

You are resistant to damage.
You can heal yourself by infusing magical energy.
You passively map the area around you.
You do not regenerate.


Message History

Casting: Conjure Flame
Confirm with . or Enter, or press ? or * to list all spells.
Aiming: Vampiric Draining
Press: ? - help, Shift-Dir - straight line, f - Gastronok
Aim: Gastronok, wearing a hat (flame, heavily wounded, poisoned, covering ground quickly) Gastronok is heavily wounded.
You feel life coursing into your body.
Unknown command.
Unknown command.
Okay, then.
Okay, then. [a] - 0 gold - resistance, might and agility [b] - 0 gold - resistance and agility [c] - 0 gold - heal wounds, magic, curing and berserk rage Purchase which effect?
You feel protected.
You feel very mighty all of a sudden.
You feel agile all of a sudden. Gastronok bites you!!
You die...
Your body crumbles into a pile of gold.

#..# * ...K,, #..# #..# ,
#..# #..# *, , #..# #).# ,
, , #..# #..# , #..# #..#
,, , #..# #..# ,
#..#########..# * ,, , ,
####............@########.
.................w)..(((..
,
##########################
* *


You could see Gastronok.

Vanquished Creatures
  A two-headed ogre (D:9)
  Pikel (D:4)
  A troll (D:8)
  A hippogriff (D:9)
  Sigmund (D:5)
  A wyvern (D:9)
  A hungry ghost (D:9)
  An acid dragon (D:8)
  4 slaves
  3 sky beasts (D:6)
  6 ogres
  4 phantoms
  2 centaurs (D:8)
  4 big kobolds
  3 bullfrogs
  6 killer bees
  7 scorpions
  A howler monkey (D:7)
  3 crimson imps
  A centaur zombie (D:7)
  A jelly (D:6)
  A bullfrog zombie (D:5)
  5 orc priests
  3 hounds
  7 orc wizards
  2 centaur skeletons
  3 iguanas
  6 worker ants
  A hound zombie (D:8)
  A gnoll (D:1)
  A howler monkey skeleton (D:9)
  14 adders
  A shadow imp (D:6)
  An ooze (Sewer)
  4 adder skeletons
  3 worms
  3 dart slugs
  2 leopard geckos
  39 orcs
  9 ball pythons
  2 giant cockroaches (D:3)
  12 goblins
  10 hobgoblins
  8 jackals
  5 quokkas
  8 bats
  7 frilled lizards
  A jackal skeleton (D:5)
  15 kobolds
  2 leopard gecko zombies
  A quokka skeleton (D:5)
  12 rats
242 creatures vanquished.

Notes
Turn   | Place    | Note
-------+----------+-------------------------------------------
     0 | D:1      | letownia2 the Deep Dwarf Necromancer began the quest for the Orb.
     0 | D:1      | Reached XP level 1. HP: 15/15 MP: 3/3
   196 | D:1      | Reached XP level 2. HP: 16/22 MP: 0/5
   270 | D:2      | Found a hide-covered altar of Uskayaw.
   270 | D:2      | Found a bloodstained altar of Trog.
   298 | D:2      | Reached skill level 5 in Necromancy
   495 | D:3      | Reached XP level 3. HP: 19/28 MP: 2/6
   519 | D:3      | Learned a level 3 spell: Vampiric Draining
   542 | D:3      | Found a deep blue altar of Sif Muna.
   850 | D:3      | Found a glowing drain.
   876 | Sewer    | Entered a sewer
  1013 | Sewer    | Noticed a big kobold
  1024 | Sewer    | Killed a big kobold
  1024 | Sewer    | Reached XP level 4. HP: 32/36 MP: 0/7
  1092 | Sewer    | Reached XP level 5. HP: 37/42 MP: 3/8
  1573 | Sewer    | Reached XP level 6. HP: 44/49 MP: 0/10
  1900 | D:4      | Noticed Pikel
  1900 | D:4      | Noticed a slave
  1900 | D:4      | Noticed a slave
  1900 | D:4      | Noticed a slave
  1900 | D:4      | Noticed a slave
  2092 | D:4      | Reached skill level 1 in Fighting
  2141 | D:4      | Found Qitwel's Distillery.
  2152 | D:4      | Bought a potion of degeneration for 14 gold pieces
  2275 | D:4      | You fall through a shaft for 3 floors!
  2284 | D:7      | Reached XP level 7. HP: 53/61 MP: 0/11
  2481 | D:7      | Found an ancient bone altar of Kikubaaqudgha.
  2505 | D:7      | Found a staircase to the Ecumenical Temple.
  2511 | Temple   | Entered the Ecumenical Temple
  2521 | Temple   | Became a worshipper of Gozag Ym Sagoz the Greedy
  2932 | D:6      | Reached XP level 8. HP: 40/68 MP: 1/15
  3084 | D:6      | Reached skill level 5 in Spellcasting
  3547 | D:6      | Got a pair of faintly glowing boots
  3560 | D:6      | Identified the +1 pair of boots of Liberty {rPois rCorr Str-5 Dex+3} (You found it on level 6 of the Dungeon)
  3619 | D:6      | Found a burning altar of Makhleb.
  3757 | D:6      | Found a stormy altar of Qazlal.
  3935 | D:6      | Found a sacrificial altar of Ru.
  4010 | D:5      | Entered Level 5 of the Dungeon
  4163 | D:5      | Noticed Sigmund
  4175 | D:5      | Killed Sigmund
  4175 | D:5      | Gained mutation: You passively map the area around you. [Deep Dwarf growth]
  4175 | D:5      | Reached XP level 9. HP: 44/74 MP: 6/20
  5057 | D:4      | Killed Pikel
  5258 | D:4      | Reached skill level 1 in Axes
  5429 | D:2      | Found a shimmering altar of Xom.
  5619 | D:2      | Reached skill level 1 in Armour
  8041 | D:8      | Reached skill level 1 in Evocations
  8102 | D:8      | Learned a level 2 spell: Poisonous Vapours
  8106 | D:8      | Learned a level 3 spell: Conjure Flame
  8110 | D:8      | Learned a level 3 spell: Mephitic Cloud
  8224 | D:8      | Found a sparkling altar of Nemelex Xobeh.
  8315 | D:8      | Noticed a troll
  8344 | D:8      | Reached XP level 10. HP: 59/84 MP: 13/23
  8398 | D:8      | Reached skill level 1 in Conjurations
  8412 | D:8      | Noticed p0werm0de's ghost (novice DDFi)
  8432 | D:8      | Reached skill level 1 in Fire Magic
  8432 | D:8      | Reached skill level 1 in Poison Magic
  8510 | D:9      | Reached skill level 1 in Air Magic
  8678 | D:9      | Found Duciykoi's Antique Armour Shop.
  8763 | D:9      | Found a shadowy altar of Dithmenos.
  8950 | D:9      | Noticed a two-headed ogre
  8956 | D:9      | Killed a two-headed ogre
  9031 | D:9      | Noticed Gastronok
  9055 | D:9      | Mangled by Gastronok

Skill      XL: |  1  2  3  4  5  6  7  8  9 10 |
---------------+-------------------------------+-----
Spellcasting   | 2 3 4 7 9 |  9.0
Necromancy     | 5 6 7 8 9 |  9.2
Fighting       | 2 3 |  3.1
Axes           | 3 4 |  4.3
Armour         | 2 |  2.6
Evocations     | 2 4 |  4.2
Conjurations   | 2 |  2.2
Fire Magic     | 2 |  2.1
Poison Magic   | 2 |  2.2
Air Magic      | 1 |  1.8
Dodging        | |  2.1
Stealth        | |  2.4

Action                   |  1- 3 |  4- 6 |  7- 9 | 10-12 || total
-------------------------+-------+-------+-------+-------++-------
Melee: Dagger            |    38 |    29 |    17 |       ||    84
       Flail             |       |       |   142 |       ||   142
       War axe           |       |       |   200 |    46 ||   246
 Fire: Blowgun           |       |       |       |    12 ||    12
Throw: Stone             |       |       |     2 |       ||     2
 Cast: Pain              |    53 |    84 |   111 |       ||   248
       Vampiric Draining |     4 |     7 |    89 |    30 ||   130
       Poisonous Vapours |       |       |       |     8 ||     8
       Conjure Flame     |       |       |       |     3 ||     3
       Mephitic Cloud    |       |       |       |     2 ||     2
Invok: Potion Petition   |       |       |       |     1 ||     1
Evoke: Wand              |       |       |       |     2 ||     2
  Use: Scroll            |       |       |     3 |       ||     3
 Stab: Sleeping          |     1 |       |     8 |     1 ||    10
       Distracted        |       |       |     3 |       ||     3
       Paralysed         |       |       |       |     6 ||     6
  Eat: Chunk             |     2 |     5 |     2 |       ||     9
       Meat ration       |       |       |     3 |       ||     3
       Royal jelly       |       |       |     5 |       ||     5
       Fruit             |       |       |     1 |       ||     1
Armor: Leather armour    |     8 |       |       |       ||     8
       Ring mail         |    16 |    14 |   174 |    38 ||   242
Dodge: Dodged            |    34 |    30 |   260 |    44 ||   368
